 Dungeon Crawl Stone Soup version 0.28-a0-804-g60983d4ba9 (webtiles) character file.

Game seed: 800958492020997000

4 vurker the Gusty (level 1, 0/7 HPs)
             Began as a Felid Air Elementalist on Nov 7, 2021.
             Slain by a hobgoblin (4 damage)
             ... on level 1 of the Dungeon.
             The game lasted 00:00:31 (282 turns).

vurker the Gusty (Felid Air Elementalist)            Turns: 282, Time: 00:00:32

Health: 0/7        AC:  1    Str:  4    XL:     1   Next: 58%
Magic:  1/4        EV: 17    Int: 16    God:
Gold:   0          SH:  0    Dex: 16    Spells: 3/4 levels left
                                        Lives:  0   Deaths: 0

rFire   . . .      SeeInvis +   (weapon unavailable)
rCold   . . .      Faith    .   (shield unavailable)
rNeg    . . .      Spirit   .   (armour unavailable)
rPois   .          Reflect  .   (helmet unavailable)
rElec   .          Harm     .   (cloak unavailable)
rCorr   .          Rampage  .   (gloves unavailable)
Will    .....                   (boots unavailable)
Stlth   ++........              (no amulet)
HPRegen 0.02/turn               (no ring)
MPRegen 0.09/turn               (no ring)

@: quick
A: very small, claws 1, fangs 3, see invisible, speed 1, shaggy fur 1, stealthy
paws, no weapons or thrown items, no armour, multi-lived
a: no special abilities


You were on level 1 of the Dungeon.
You visited 1 branch of the dungeon, and saw 1 of its levels.

Inventory:

Scrolls
 a - a scroll of magic mapping {unknown}
 b - a scroll of teleportation {unknown}


   Skills:
 + Level 0.2 Fighting
 - Level 2.6 Dodging
 - Level 2.6 Stealth
 * Level 2.1 Spellcasting
 + Level 1.0 Conjurations
 * Level 2.8 Air Magic


You had 3 spell levels left.
You knew the following spells:

 Your Spells              Type           Power      Damage    Failure   Level
a - Shock                 Conj/Air       28%        1d4       10%         1

Your spell library contained the following spells:

 Spells                   Type           Power      Damage    Failure   Level
 Static Discharge         Conj/Air       7%         N/A       14%         2
 Swiftness                Air            10%        N/A       19%         3
 Airstrike                Air            5%         N/A       54%         4


Dungeon Overview and Level Annotations

Branches:
Dungeon (1/15)

Altars:


Innate Abilities, Weirdness & Mutations

You have sharp claws.
You have razor-sharp teeth.
You have supernaturally acute eyesight. (SInv)
You cover ground quickly. (Speed+)
You are covered in fur. (AC +1)
Your paws help you pounce on unaware monsters.
You are incapable of wielding weapons or throwing items.
You cannot wear armour.
You gain extra lives every three experience levels.


Message History

Found 21 stones.
b - a scroll labelled GIUPLU AXAKUB A hobgoblin comes into view.
A hobgoblin is nearby!
A hobgoblin is nearby!
Aim: a hobgoblin (asleep, 100% to hit)
The zap hits the bush but does no damage.
The zap hits the hobgoblin but does no damage.
The hobgoblin shouts!
Something bites the bush but does no damage.
Aim: a hobgoblin (68% to hit)
The zap hits the bush.
The zap hits the hobgoblin.
Aim: a hobgoblin (heavily wounded, 68% to hit)
The zap hits the bush but does no damage.
The zap misses the hobgoblin.
A quokka comes into view.
A hobgoblin comes into view.
The zap hits the bush but does no damage.
The zap hits the quokka.
The zap hits the quokka but does no damage.
You don't have enough magic to cast this spell.
You don't have enough magic to cast this spell.
You don't have enough magic to cast this spell.
You don't have enough magic to cast this spell.
The hobgoblin hits the bush but does no damage.
Something hits the bush but does no damage.
Something hits the bush but does no damage. x2
Something hits the bush but does no damage.
Found a gilded ring.
A hobgoblin comes into view.
The hobgoblin shouts!
A hobgoblin is nearby!
The zap hits the hobgoblin. x2; The hobgoblin hits you.
The zap hits the hobgoblin but does no damage.
The zap misses the hobgoblin.
The hobgoblin barely misses you.
The zap hits the hobgoblin.
You kill the hobgoblin!
Your Conjurations skill increases to level 1!
A hobgoblin is nearby!
Aim: a hobgoblin (wandering, hasn't noticed you, 68% to hit)
The zap hits the hobgoblin.
The hobgoblin shouts!
Aim: a hobgoblin (moderately wounded, 68% to hit)
The zap hits the hobgoblin.
You don't have enough magic to cast this spell.
You don't have enough magic to cast this spell.
The hobgoblin hits you.
You scratch the hobgoblin. The hobgoblin barely misses you.
You scratch the hobgoblin. The hobgoblin hits you.
Ouch! That really hurt!
You die...

#.#P...P.P...P.... ..
..#P.PPP(P.P.P....
...#.
#..P.P.P...P.P....
..#.
.g#P.P.PPPPP.P.###
......#P.....P...P.#
###..#.#P.PPP.P.P.P.#
....#.#P.P.P.P.P...#
#..g.PPP.P.P.P.P##
#.@.=.....P.P.P#


##.#PPPPPPP.PPP# #####.#.....##.#### #..............# ....############## .. You
could see 2 hobgoblins.

Vanquished Creatures
  A hobgoblin (D:1)
  A ball python (D:1)
  A bat (D:1)
  2 goblins (D:1)
5 creatures vanquished.

Notes
Turn   | Place    | Note
-------+----------+-------------------------------------------
     0 | D:1      | vurker the Felid Air Elementalist began the quest for the
                  | Orb.
     0 | D:1      | Reached XP level 1. HP: 7/7 MP: 4/4
   260 | D:1      | Reached skill level 1 in Conjurations
   282 | D:1      | Slain by a hobgoblin

Illustrated notes

Levels and vault maps discovered:
D:1:      ncdulo_wetmaze, layout_rooms,
          shapermc_ecumenical_altar_mp_ritualfount,
          amcnicky_mini_corridor_feature, minmay_hedge_maze, minmay_cut_off

Skill      XL: |  1 |
---------------+----+-----
Conjurations   | 1 |  1.0
Fighting       | |  0.2
Dodging        | |  2.6
Stealth        | |  2.6
Spellcasting   | |  2.1
Air Magic      | |  2.8

Action                   || total
-------------------------++-------
Melee: Unarmed           ||     7
 Cast: Shock             ||    13
Dodge: Dodged            ||     6

Table legend: (Time is in decaauts)
 A = Elapsed time spent in this place.
 B = Non-inter-level travel time spent in this place.
 C = Inter-level travel time spent in this place.
 D = Time resting spent in this place.
 E = Time spent auto-exploring this place.
 F = Levels seen in this place.
 G = Mean time per level.
                   A        B        C        D        E       F      G
               +--------+--------+--------+--------+--------+-----+--------+
         Total |    266 |    266 |      0 |      0 |    222 |   1 |  266.0 |
       Dungeon |    266 |    266 |      0 |      0 |    222 |   1 |  266.0 |
               +--------+--------+--------+--------+--------+-----+--------+

Top non-repeatable levels by time:
     D:1: 266 daAuts
